 Dungeon Crawl Stone Soup version 0.25-a0-294-gea9b1ad378 (webtiles) character file.

Game seed: 17496750921334982042, levelgen mode: deterministic

7056 Faustar the Impaler (level 11, -11/96 HPs)
             Began as a Merfolk Gladiator on Dec 18, 2019.
             Was a Priest of Okawaru.
             Mangled by a two-headed ogre
             ... wielding a +0 giant club
              (27 damage)
             ... on level 8 of the Dungeon.
             The game lasted 00:30:05 (13130 turns).

Faustar the Impaler (Merfolk Gladiator)            Turns: 13130, Time: 00:30:06

Health: -11/96     AC:  5    Str: 17    XL:     11   Next: 9%
Magic:  11/11      EV: 14    Int:  8    God:    Okawaru [***...]
Gold:   488        SH:  0    Dex: 16    Spells: 10/10 levels left

rFire    + . .     SeeInvis .   y - +3 halberd
rCold    . . .     Gourm    .   (shield currently unavailable)
rNeg     . . .     Faith    .   b - +0 leather armour
rPois    .         Spirit   .   c - +0 helmet
rElec    .         Reflect  .   r - +0 cloak
rCorr    .         Harm     .   (no gloves)
MR       .....                  (no boots)
Stlth    +.........             (no amulet)
HPRegen  0.26/turn              e - ring of protection from fire
MPRegen  0.12/turn              (no ring)

@: studying Shields
A: change form in water, swift swim, stealthy swim
a: Heroism, Renounce Religion


You were on level 8 of the Dungeon.
You worshipped Okawaru.
Okawaru was most pleased with you.
You were not hungry.

You visited 2 branches of the dungeon, and saw 9 of its levels.
You also visited: Bailey.

You collected 488 gold pieces.

Inventory:

Hand Weapons
 a - a +0 trident
 s - a +0 halberd
 y - a +3 halberd (weapon)
Missiles
 d - 3 throwing nets (quivered)
 F - 4 javelins
Armour
 b - a +0 leather armour (worn)
 c - a +0 helmet (worn)
 r - a +0 cloak (worn)
Jewellery
 e - a ring of protection from fire (left hand)
 m - an uncursed ring of magical power {unknown}
 C - an uncursed ring of fire {unknown}
Wands
 p - a wand of flame (27)
Scrolls
 g - a scroll of brand weapon {unknown}
 i - a scroll of fog {unknown}
 j - 6 scrolls of enchant weapon {unknown}
 k - 7 scrolls of identify
 l - a scroll of immolation {unknown}
 q - 2 scrolls of teleportation
 t - a scroll of random uselessness {unknown}
 u - 2 scrolls of remove curse
 x - a scroll of amnesia {unknown}
 B - a scroll of enchant armour {unknown}
Potions
 h - a potion of flight
 o - 2 potions of degeneration {unknown}
 v - a potion of lignification {unknown}
 w - a potion of heal wounds
 z - a potion of cancellation {unknown}
 A - a potion of resistance {unknown}
 H - a potion of curing
Books
 D - a manual of Shields
 E - a manual of Shields
Comestibles
 f - 28 rations


   Skills:
 + Level 12.7 Fighting
 + Level 16.1 Polearms
 - Level 2.0 Throwing
 - Level 4.0 Dodging


You had 10 spell levels left.
You didn't know any spells.
Your spell library contained the following spells:

 Spells                   Type           Power        Failure   Level  Hunger
 Corona                   Hex            #......      47%         1    ##.....
 Magic Dart               Conj           #...         47%         1    ##.....
 Ensorcelled Hibernation  Hex/Ice        #.....       63%         2    ###....
 Searing Ray              Conj           #.....       63%         2    ###....
 Confuse                  Hex            #.......     85%         3    ####...
 Dazzling Flash           Conj/Hex       #.....       85%         3    ####...
 Tukima's Dance           Hex            #.......     85%         3    ####...
 Fulminant Prism          Conj/Hex       #.........   99%         4    #####..
 Iskenderun's Mystic Bla  Conj/Tloc      #.......     99%         4    #####..


Dungeon Overview and Level Annotations

Branches:
Dungeon (8/15)             Temple (1/1) D:6          Bailey (visited)
   Lair: D:8-11

Altars:
Ashenzari
Cheibriados
Dithmenos
Elyvilon
Fedhas
Gozag
Hepliaklqana
Kikubaaqudgha
Makhleb
Nemelex Xobeh
Okawaru
Qazlal
Ru
Trog
Uskayaw
Vehumet
Xom
Yredelemnul
Zin
The Shining One

Annotations:
D:3 1 runed translucent door, Crazy Yiuf
D:4 2 runed translucent doors, LabCoat's ghost, amateur HOFi
D:8 exclusion: 4 doors


Message History

Aim: a two-headed ogre, wielding two +0 giant clubs You reach to attack!
You hit the two-headed ogre but do no damage.
You impale the two-headed ogre!!
The two-headed ogre is moderately wounded.
The two-headed ogre misses you.
The two-headed ogre hits you with a cursed +0 giant club!
You barely miss the two-headed ogre.
The two-headed ogre is moderately wounded.
You hit the two-headed ogre.
The two-headed ogre is heavily wounded.
The two-headed ogre hits you with a +0 giant club!!
The two-headed ogre hits you with a cursed +0 giant club!!
* * * LOW HITPOINT WARNING * * *
You closely miss the two-headed ogre.
The two-headed ogre is moderately wounded.
You hit the two-headed ogre.
The two-headed ogre is heavily wounded.
The two-headed ogre hits you with a +0 giant club!!
You die...

..... #.... .g.
###.... #)#
.....##.
#####.#####...####
#...g.....##.....8
#g###.###.##......
#g# #.# #.###.8...
#O# #.###.# #.....
#@# #..##.# #.....
#.####.#..# #8...∩
#.........###.....
#..###..#.........
#......###.##.8...
##.####.#.###.....
#.# #..# #....8
#.####..# #####.
#.......### ##


You could see a two-headed ogre and 2 gnolls.

Vanquished Creatures
  2 polar bears (D:8)
  2 dream sheep (D:8)
  3 yaks (D:8)
  Edmund (D:5)
  Menkaure (D:4)
  A water moccasin (D:7)
  A black bear (D:8)
  A necrophage (D:8)
  4 ice beasts
  13 orc warriors
  5 wolves
  10 centaurs
  2 ogres
  2 big kobolds (D:8)
  2 bullfrogs
  2 scorpions (D:7)
  6 killer bees (D:8)
  4 wights (D:5)
  3 electric eels (D:8)
  4 crimson imps
  A centaur zombie (D:6)
  3 hounds (D:4)
  7 orc wizards
  A bullfrog skeleton (D:8)
  A centaur skeleton (D:7)
  4 orc priests
  2 jellies
  2 iguanas
  Ijyb (D:5)
  4 worker ants
  2 centaur simulacra (D:8)
  A hound zombie (D:5)
  Robin (D:3)
  17 gnolls
  7 adders
  A hound simulacrum (D:8)
  5 white imps
  An ufetubus (D:8)
  An adder skeleton (D:4)
  5 worms
  4 dart slugs
  3 leopard geckos
  60 orcs
  7 giant cockroaches
  21 goblins
  11 hobgoblins
  17 jackals
  17 kobolds
  3 quokkas
  2 ball pythons (D:2)
  8 bats (D:2)
  6 frilled lizards
  A jackal skeleton (D:5)
  A leopard gecko skeleton (D:7)
  2 quokka simulacra (D:8)
  7 rats
306 creatures vanquished.

Vanquished Creatures (others)
  A quokka (D:4)
  A plant (D:8)
2 creatures vanquished.

Grand Total: 308 creatures vanquished

Notes
Turn   | Place    | Note
-------+----------+-------------------------------------------
     0 | D:1      | Faustar the Merfolk Gladiator began the quest for the Orb.
     0 | D:1      | Reached XP level 1. HP: 16/16 MP: 1/1
   380 | D:1      | Reached XP level 2. HP: 21/23 MP: 2/2
   597 | D:2      | You fall into a shaft and drop 2 floors!
   612 | D:3      | Reached skill level 5 in Polearms
   719 | D:2      | Noticed a bullfrog
   729 | D:2      | Killed a bullfrog
   729 | D:2      | Reached skill level 6 in Polearms
   729 | D:2      | Reached XP level 3. HP: 21/30 MP: 3/3
   729 | D:2      | Reached XP level 4. HP: 26/37 MP: 4/4
   995 | D:2      | Reached XP level 5. HP: 40/42 MP: 5/5
  1337 | D:3      | Found a faded altar of an unknown god.
  1376 | D:3      | Found a runed translucent door.
  1377 | D:3      | Noticed Crazy Yiuf
  1641 | D:3      | Noticed a moth of wrath
  1644 | D:3      | Found a bloodstained altar of Trog.
  1692 | D:3      | Reached skill level 7 in Polearms
  2159 | D:4      | Reached XP level 6. HP: 35/50 MP: 6/6
  2346 | D:4      | Reached skill level 5 in Fighting
  2555 | D:4      | Noticed Menkaure
  2862 | D:4      | Killed Menkaure
  2862 | D:4      | Reached skill level 8 in Polearms
  3017 | D:4      | Reached XP level 7. HP: 12/57 MP: 7/7
  3019 | D:4      | HP: 1/57 [gnoll/+0 whip (8)]
  3553 | D:4      | Noticed Robin
  3602 | D:3      | Reached skill level 9 in Polearms
  3811 | D:3      | Killed Robin
  3877 | D:4      | Found a white marble altar of Elyvilon.
  3958 | D:4      | Found a large runed translucent door.
  3959 | D:4      | Found a large runed translucent door.
  3962 | D:4      | Noticed LabCoat's ghost (amateur HOFi)
  4214 | D:5      | Entered Level 5 of the Dungeon
  4363 | D:5      | Noticed Ijyb
  4426 | D:4      | Reached XP level 8. HP: 38/67 MP: 8/8
  4441 | D:4      | Reached skill level 10 in Polearms
  4496 | D:5      | Noticed Edmund
  4519 | D:5      | Killed Edmund
  5155 | D:5      | Reached skill level 11 in Polearms
  5471 | D:5      | Killed Ijyb
  5491 | D:5      | Found a shadowy altar of Dithmenos.
  5491 | D:5      | Found a snail-covered altar of Cheibriados.
  5555 | D:6      | Found a staircase to the Ecumenical Temple.
  5571 | Temple   | Entered the Ecumenical Temple
  5635 | Temple   | Became a worshipper of Warmaster Okawaru
  6203 | D:6      | Reached XP level 9. HP: 73/75 MP: 9/9
  6364 | D:6      | Reached skill level 12 in Polearms
  6614 | D:6      | Found a stormy altar of Qazlal.
  7129 | D:7      | Reached * piety under Okawaru
  7780 | D:7      | Found a glowing silver altar of Zin.
  8076 | D:7      | Reached skill level 10 in Fighting
  8076 | D:7      | Reached skill level 13 in Polearms
  8563 | D:8      | Found a flagged portal.
  8577 | Bailey   | Entered a bailey
  9347 | Bailey   | Reached ** piety under Okawaru
  9359 | Bailey   | Reached XP level 10. HP: 75/86 MP: 10/10
  9492 | Bailey   | Reached skill level 14 in Polearms
 11683 | D:8      | Reached *** piety under Okawaru
 11711 | D:8      | Reached skill level 15 in Polearms
 11769 | D:8      | Received a gift from Okawaru
 12134 | D:8      | Noticed a three-headed hydra
 12224 | D:8      | Reached XP level 11. HP: 68/96 MP: 11/11
 12273 | D:8      | Found a hazy altar of Hepliaklqana.
 12516 | D:8      | Reached skill level 16 in Polearms
 13107 | D:8      | Noticed a two-headed ogre
 13130 | D:8      | Mangled by a two-headed ogre

Levels and vault maps discovered:
D:1:      dpeg_arrival_orchard, layout_basic
D:2:      layout_rooms, minmay_goblin_kobold_house
D:3:      layout_loops_ring, tgw_trog, chequers_ecumenical_altar_simple_redux,
          first_ration, uniq_crazy_yiuf_cottage
D:4:      corexii_shantytown, layout_basic, elyvilon_altar_4,
          ebering_ghost_disaster_area, uniq_robin, uniq_menkaure
D:5:      layout_basic, gammafunk_temple_overflow_elements, uniq_edmund,
          uniq_ijyb
D:6:      layout_loops_ring, minmay_temple_entry_offerings, basic_altar
D:7:      layout_basic, kennysheep_mini, enter_ossuary_5
D:8:      layout_loops_corners, kennysheep_mini_moat, enter_bailey_6,
          serial_ice, serial_ice_a, serial_ice_j, serial_ice_m, serial_ice_b,
          serial_ice_c, serial_ice_g, serial_ice_n, serial_ice_o, serial_ice_d,
          serial_ice_e, hangedman_ranch [blue_anna_fruit_fields],
          chequers_serial_rivers_small_a
Temple:   eino_temple_lava

Skill      XL: |  1  2  3  4  5  6  7  8  9 10 11 |
---------------+----------------------------------+-----
Polearms       | 6 7 8 9 11 13 15 16 | 16.1
Fighting       | 3 4 5 7 8 10 12 | 12.7
Throwing       | |  2.0
Dodging        | |  4.0

Action                   |  1- 3 |  4- 6 |  7- 9 | 10-12 || total
-------------------------+-------+-------+-------+-------++-------
Melee: Trident           |    59 |   244 |   323 |       ||   626
       Halberd           |       |       |   266 |   244 ||   510
       Tailslap          |       |       |     3 |     5 ||     8
Evoke: Wand              |       |       |    24 |    16 ||    40
  Use: Scroll            |     5 |       |       |       ||     5
       Potion            |       |       |     2 |       ||     2
 Stab: Distracted        |     1 |       |     1 |       ||     2
       Sleeping          |       |       |     4 |       ||     4
  Eat: Chunk             |       |     6 |    14 |    12 ||    32
       Ration            |       |       |     2 |       ||     2
Armor: Leather armour    |    23 |    45 |    66 |    23 ||   157
Dodge: Dodged            |    49 |   159 |   304 |   126 ||   638

Table legend:
 A = Non-vault XP
 B = Vault XP
 C = Vault XP percentage of total XP
 D = Non-vault monster count
 E = Vault monster count
 F = Vault count percentage of total count
                 A         B        C        D         E       F
            +---------+---------+-------+---------+---------+-------
      Total |    4096 |    5984 |  59.4 |     187 |     119 |  38.9
            +---------+---------+-------+---------+---------+-------
        D:1 |      16 |       0 |   0.0 |       8 |       0 |   0.0
        D:2 |     141 |       3 |   2.1 |      27 |       2 |   6.9
        D:3 |     133 |      29 |  17.9 |      22 |       6 |  21.4
        D:4 |     529 |     282 |  34.8 |      31 |      41 |  56.9
        D:5 |     622 |     198 |  24.1 |      35 |       2 |   5.4
        D:6 |     687 |       0 |   0.0 |      16 |       0 |   0.0
        D:7 |     902 |     386 |  30.0 |      29 |       4 |  12.1
        D:8 |    1066 |    2782 |  72.3 |      19 |      25 |  56.8
     Bailey |       0 |    2304 | 100.0 |       0 |      39 | 100.0
            +---------+---------+-------+---------+---------+-------
